 Dungeon Crawl Stone Soup version 0.23.1 (webtiles) character file.

Game seed: 12282359000956185465

746 Borgoz the Cutter (level 7, -2/60 HPs)
             Began as a Ghoul Gladiator on Mar 8, 2019.
             Was an Initiate of Ashenzari.
             Splashed by a jelly's acid (8 damage)
             ... on level 5 of the Dungeon.
             The game lasted 00:07:07 (4589 turns).

Borgoz the Cutter (Ghoul Gladiator)                 Turns: 4589, Time: 00:07:08

Health: -2/60      AC: -2    Str: 18    XL:     7   Next: 77%
Magic:  6/6        EV: 19    Int:  5    God:    Ashenzari [......]
Gold:   246        SH:  0    Dex: 15    Spells: 6/6 levels left

rFire    . . .     SeeInvis .   a - +0 rapier
rCold    + . .     Gourm    .   (no shield)
rNeg     + + +     Faith    .   b - +0 leather armour
rPois    ∞         Spirit   .   c - +0 helmet
rElec    .         Reflect  .   (no cloak)
rCorr    .         Harm     .   (no gloves)
MR       +....                  v - +0 pair of boots
Stlth    ++........             r - amulet of regeneration
HPRegen  0.00/turn              u - ring of protection from magic
MPRegen  0.10/turn              (no ring)

@: agile, corroded, rotting
A: rotting body, claws 1, carnivore, cold resistance 1, negative energy
resistance 3, inhibited regeneration, torment resistance, unbreathing
a: Curse Item, Renounce Religion


You were on level 5 of the Dungeon.
You worshipped Ashenzari.
Ashenzari was noncommittal.
You were not hungry.

You visited 2 branches of the dungeon, and saw 6 of its levels.

You collected 246 gold pieces.

Inventory:

Hand Weapons
 a - a +0 rapier (weapon)
Missiles
 d - 2 throwing nets (quivered)
Armour
 b - a +0 leather armour (worn)
 c - a +0 helmet (worn)
 v - a +0 pair of boots (worn)
Jewellery
 r - an amulet of regeneration (around neck)
 u - a ring of protection from magic (left claw)
Scrolls
 i - 4 scrolls of teleportation {unknown}
 j - 5 scrolls of identify {unknown}
 k - 2 scrolls of immolation {unknown}
 s - 3 scrolls of magic mapping {unknown}
 x - a scroll of enchant armour {unknown}
Potions
 e - a potion of agility
 g - 2 potions of might {unknown}
 h - a potion of flight {unknown}
 l - a potion of mutation {unknown}
 m - a potion of haste {unknown}
 o - a potion of heal wounds
 p - a potion of curing {unknown}
 q - a potion of brilliance
 t - a potion of berserk rage {unknown}
 w - a potion of degeneration {unknown}
 z - a potion of invisibility {unknown}
Comestibles
 f - 10 rations


   Skills:
 + Level 4.6 Fighting
 + Level 5.9 Short Blades
 + Level 1.7 Throwing
 + Level 2.5 Armour
 + Level 4.1 Dodging
 + Level 0.3 Stealth


You had 6 spell levels left.
You didn't know any spells.
Your spell library contained the following spells:

 Spells                   Type           Power        Failure   Level  Hunger
 Animate Skeleton         Necr           N/A          54%         1    ##.....
 Apportation              Tloc           #.....       54%         1    ##.....
 Confusing Touch          Hex            #.....       54%         1    ##.....
 Summon Small Mammal      Summ           #...         54%         1    ##.....
 Call Imp                 Summ           #.......     67%         2    ###....
 Call Canine Familiar     Summ           #.......     88%         3    ####...
 Summon Guardian Golem    Hex/Summ       #.......     88%         3    ####...
 Summon Ice Beast         Ice/Summ       #.......     99%         4    #####..
 Summon Lightning Spire   Summ/Air       #.......     99%         4    #####..


Dungeon Overview and Level Annotations

Branches:
Dungeon (5/15)             Temple (1/1) D:5

Altars:
Ashenzari
Dithmenos
Elyvilon
Gozag
Hepliaklqana
Kikubaaqudgha
Makhleb
Nemelex Xobeh
Okawaru
Qazlal
Ru
Sif Muna
Trog
Uskayaw
Vehumet
Wu Jian
Xom
Yredelemnul
Zin

Annotations:
D:5 1 runed translucent door, Crazy Yiuf


Innate Abilities, Weirdness & Mutations

Your body is rotting away.
You thrive on raw meat.
You are immune to poison.
You have sharp fingernails.
You are carnivorous and can eat meat at any time.
Your flesh is cold resistant. (rC+)
You are immune to negative energy. (rN+++)
You do not regenerate when monsters are visible.
You are immune to unholy pain and torment.
You can survive without breathing.


Message History

You hit the jelly but do no damage.
Your claws burn!
The jelly is moderately wounded.
The jelly completely misses you.
You barely miss the jelly.
The jelly is moderately wounded.
The jelly hits you but does no damage.
You hit the jelly.
Your claws burn!
* * * LOW HITPOINT WARNING * * *
The jelly is heavily wounded.
The jelly barely misses you.
You puncture the jelly!
Your claws burn!
* * * LOW HITPOINT WARNING * * *
The jelly is almost dead.
You hit the jelly. The acid corrodes you!
Your claws burn!
* * * LOW HITPOINT WARNING * * *
The jelly is almost dead.
The jelly hits you.
* * * LOW HITPOINT WARNING * * *
The acid corrodes you!
You are splashed with acid!
You die...

.......#........#
......##.......#
.....##.......#
#...##.......#
#...##.......#
#............#
#............#
#............#
#..........@.#
#...##.....J.#
#...########.##
#...#.........#
#...#.........#
#...#.........#
##...#.........#
#....#.........#
###.##.........#


You could see a jelly.

Vanquished Creatures
  An ice beast (D:5)
  An ogre (D:4)
  A centaur (D:5)
  A hound (D:4)
  3 orc wizards
  Ijyb (D:5)
  4 worker ants
  4 gnolls
  9 adders
  2 oozes (D:2)
  An adder skeleton (D:4)
  5 worms
  2 dart slugs
  A leopard gecko (D:1)
  10 orcs
  3 ball pythons
  9 bats
  2 giant cockroaches (D:3)
  9 goblins
  9 hobgoblins
  4 jackals (D:1)
  9 kobolds
  2 quokkas
  9 frilled lizards
  5 rats
107 creatures vanquished.

Notes
Turn   | Place    | Note
-------+----------+-------------------------------------------
     0 | D:1      | Borgoz the Ghoul Gladiator began the quest for the Orb.
     0 | D:1      | Reached XP level 1. HP: 17/17 MP: 0/0
   214 | D:1      | Reached XP level 2. HP: 18/24 MP: 1/1
   365 | D:1      | Reached skill level 3 in Short Blades
   624 | D:1      | Reached XP level 3. HP: 21/30 MP: 2/2
  1266 | D:2      | Reached XP level 4. HP: 18/37 MP: 3/3
  1953 | D:2      | Reached skill level 4 in Short Blades
  2008 | D:3      | Reached skill level 1 in Armour
  2008 | D:3      | Reached XP level 5. HP: 35/44 MP: 4/4
  2248 | D:3      | Found a shimmering altar of Xom.
  2443 | D:3      | Found an ornate altar of the Wu Jian Council.
  2454 | D:3      | Found a radiant altar of Vehumet.
  2712 | D:3      | Found a bloodstained altar of Trog.
  2901 | D:4      | Reached XP level 6. HP: 42/51 MP: 5/5
  3029 | D:4      | Reached skill level 5 in Short Blades
  3221 | D:4      | Reached XP level 7. HP: 33/58 MP: 6/6
  3769 | D:5      | Entered Level 5 of the Dungeon
  4002 | D:5      | Noticed Ijyb
  4073 | D:5      | Killed Ijyb
  4085 | D:5      | Found a sacrificial altar of Ru.
  4133 | D:5      | Found a runed translucent door.
  4134 | D:5      | Noticed Crazy Yiuf
  4164 | D:5      | Found a staircase to the Ecumenical Temple.
  4257 | Temple   | Entered the Ecumenical Temple
  4272 | Temple   | Became a worshipper of Ashenzari the Shackled
  4589 | D:5      | Splashed by a jelly's acid

Skill      XL: |  1  2  3  4  5  6  7 |
---------------+----------------------+-----
Dodging        | 3 4 |  4.1
Short Blades   | 3 4 5 |  5.9
Armour         | 1 2 |  2.5
Fighting       | 3 4 |  4.6
Throwing       | |  1.7
Stealth        | |  0.3

Action                   |  1- 3 |  4- 6 |  7- 9 || total
-------------------------+-------+-------+-------++-------
Melee: Rapier            |   128 |   277 |   131 ||   536
Throw: Throwing net      |       |     1 |       ||     1
  Use: Potion            |       |       |     3 ||     3
 Stab: Held in net/web   |       |     1 |       ||     1
       Paralysed         |       |       |     1 ||     1
  Eat: Chunk             |    11 |     5 |     9 ||    25
Armor: Leather armour    |    31 |    64 |    22 ||   117
Dodge: Dodged            |    84 |   175 |    81 ||   340
